 Dungeon Crawl Stone Soup version 0.32-a0-871-ge202e49faa (webtiles) character file.

Game seed: 16638125122495874323

595 shadizar the Magician (level 7, -1/45 HPs)
             Began as a Djinni Conjurer on Mar 29, 2024.
             Killed from afar by an orc wizard (3 damage)
             ... with a puff of flame
             ... on level 4 of the Dungeon.
             The game lasted 00:03:18 (3531 turns).

shadizar the Magician (Djinni Conjurer)             Turns: 3531, Time: 00:03:18

Health: -1/45      AC:  3    Str:  6    XL:     7   Next: 67%
Gold:   148        EV: 11    Int: 21    God:
                   SH:  0    Dex: 12

rFire   + + .        (no weapon)
rCold   x . .        (no shield)
rNeg    . . .        a - +0 robe
rPois   ∞            (no helmet)
rElec   .            (no cloak)
rCorr   .            g - +0 pair of gloves
SInv    .            (boots unavailable)
Will    .....        (no amulet)
Stlth   ++           (no ring)
HPRegen 0.27/turn    (no ring)
MPRegen 0.00/turn

%: infuse magic (-2 HP)
@: flying
A: sickness immunity, fire resistance 2, cold vulnerability 1, float, innate
caster, HP casting, extra vitality 1
a: no special abilities


You were on level 4 of the Dungeon.
You visited 1 branch of the dungeon, and saw 4 of its levels.

You collected 148 gold pieces.

Inventory:

Armour
 a - a +0 robe (worn)
 g - a +0 pair of gloves (worn)
Jewellery
 c - a ring of fire
Scrolls
 e - a scroll of noise {unknown}
 h - 2 scrolls of identify {unknown}
 i - 2 scrolls of teleportation {unknown}
 j - a scroll of fog {unknown}
Potions
 b - 3 potions of curing {unknown}
 d - 3 potions of enlightenment {unknown}
 f - 2 potions of attraction {unknown}
 k - a potion of invisibility {unknown}
 l - 2 potions of lignification {unknown}
 m - a potion of haste {unknown}


   Skills:
 - Level 2.1 Dodging
 - Level 1.5 Stealth
 + Level 7.0 Spellcasting
 + Level 7.0 Conjurations
 + Level 7.0 Hexes
 + Level 7.0 Summonings
 + Level 7.0 Necromancy
 + Level 7.0 Translocations
 + Level 7.0 Fire Magic
 + Level 7.0 Ice Magic
 + Level 7.0 Air Magic
 + Level 7.0 Earth Magic
 + Level 7.0 Alchemy


You knew the following spells:

 Your Spells              Type           Power      Damage    Failure   Level
a - Magic Dart            Conj           100%       1d8       1%          1
b - Searing Ray           Conj           74%        2d7       1%          2
c - Fulminant Prism       Conj/Alch      18%        3d10      4%          4
d - Iskenderun's Mystic Conj/Tloc 37%            2d9        (+2d4     4%          4
e - Foxfire               Conj/Fire      100%       2x1d9     1%          1
f - Ensorcelled Hibernat  Hex/Ice        74%        N/A       1%          2
g - Confusing Touch       Hex            37%        N/A       1%          3
Your spell library was empty.

Dungeon Overview and Level Annotations

Branches:
Dungeon (4/15)
 Temple: D:4-7

Altars:


Innate Abilities, Weirdness & Mutations

You are immune to sickness and miasma.
You are immune to poison.
Your flesh is very heat resistant. (rF++)
You are vulnerable to cold. (rC-)
You float through the air rather than walking.
You learn spells naturally, not from books.
Your magical power is your life essence.
You have superior vitality. (+4 MHP)


Message History

Your Hexes skill increases to level 7!
Your Summonings skill increases to level 7!
Your Necromancy skill increases to level 7!
Your Translocations skill increases to level 7!
Your Fire Magic skill increases to level 7!
Your Ice Magic skill increases to level 7!
Your Air Magic skill increases to level 7!
Your Earth Magic skill increases to level 7!
Your Alchemy skill increases to level 7!
Unknown command.
Unknown command.
Unknown command.
Casting: Searing Ray (safe; 1% risk of failure)
Confirm with . or Enter, or press ? or * to list all spells.
Restarting spell: Searing Ray (safe; 1% risk of failure)
Press: ? - help, Shift-Dir - straight line, f - orc priest
Aim: an orc priest, wielding a +0 hand axe and wearing a +0 leather armour (almost dead, 81% to hit)
The searing ray hits something.
The searing ray hits the orc priest!
You kill the orc priest! (Press . to maintain the ray.)
A magic dart appears from out of thin air!
The magic dart hits you.
* * * LOW HITPOINT WARNING * * *
Unknown command.
Unknown command.
Unknown command.
Unknown command.
Unknown command.
* * * LOW HITPOINT WARNING * * *
* * * LOW HITPOINT WARNING * * *
A magic dart appears from out of thin air!
The magic dart hits you!
* * * LOW HITPOINT WARNING * * *
An orc comes into view. It is wielding a +0 dagger.
Unknown command.
You hear some strange, mumbled words.
Something tries to affect you, but you resist.
A puff of flame appears from out of thin air!
The puff of flame hits you. You resist.
You die...

.#.
#..#####..........#####.....
#........##.###...#####.##..
.
#.######..#.###...#.....##.#
.. #.....##...#.....#..# ..
#...................# .#
####.#.#...####.....# #
#######.#.....####..##..
........................ .
#######@#.#............. .
####.#.#...###.#..... .
#..........###.#..#.. .
##.#.#.#......>...... .
#.#{#.#.#.######.#..
#.)...#.#.# #.#..
#.#.#.#.########.#..
..)................. #..#.#
#. #######.#..


There were no monsters in sight!

Vanquished Creatures
  A scorpion (D:4)
  A jelly (D:4)
  A gnoll bouda (D:4)
  6 orc priests
  2 iguanas (D:4)
  2 orc wizards
  3 adders (D:2)
  5 gnolls (D:4)
  A ribbon worm (D:2)
  2 dart slugs
  13 orcs
  8 ball pythons
  12 endoplasms
  11 giant cockroaches
  12 goblins
  9 hobgoblins
  2 quokkas
  5 bats
  4 frilled lizards
  6 kobolds
  10 rats
116 creatures vanquished.

Vanquished Creatures (others)
  A fulminant prism (D:4)
1 creature vanquished.

Grand Total: 117 creatures vanquished

Notes
Turn   | Place    | Note
-------+----------+-------------------------------------------
     0 | D:1      | shadizar the Djinni Conjurer began the quest for the Orb.
     0 | D:1      | shadizar set off with the following spells memorised: Magic
                  | Dart, Searing Ray, Fulminant Prism, Iskenderun's Mystic
                  | Blast.
     0 | D:1      | Reached XP level 1. HP: 15/15 MP: 0/0
   135 | D:1      | Reached XP level 2. HP: 19/21 MP: 0/0
   362 | D:1      | Reached XP level 3. HP: 24/25 MP: 0/0
   362 | D:1      | Learned a level 1 spell: Foxfire
   954 | D:2      | Reached XP level 4. HP: 25/31 MP: 0/0
  1438 | D:2      | Reached XP level 5. HP: 32/35 MP: 0/0
  1438 | D:2      | Learned a level 2 spell: Ensorcelled Hibernation
  1542 | D:3      | Reached skill level 5 in Spellcasting
  1542 | D:3      | Reached skill level 5 in Conjurations
  1542 | D:3      | Reached skill level 5 in Hexes
  1542 | D:3      | Reached skill level 5 in Summonings
  1542 | D:3      | Reached skill level 5 in Necromancy
  1542 | D:3      | Reached skill level 5 in Translocations
  1542 | D:3      | Reached skill level 5 in Fire Magic
  1542 | D:3      | Reached skill level 5 in Ice Magic
  1542 | D:3      | Reached skill level 5 in Air Magic
  1542 | D:3      | Reached skill level 5 in Earth Magic
  1542 | D:3      | Reached skill level 5 in Alchemy
  2015 | D:3      | Reached XP level 6. HP: 34/40 MP: 0/0
  2601 | D:3      | Found a faded altar of an unknown god.
  2962 | D:4      | Reached XP level 7. HP: 37/45 MP: 0/0
  2962 | D:4      | Learned a level 3 spell: Confusing Touch
  3528 | D:4      | HP: 1/45 [something/magic dart (10)]
  3531 | D:4      | Killed from afar by an orc wizard

Illustrated notes

Levels and vault maps discovered:
D:1:      shiori_arrival_maze, layout_rooms, minmay_worlds_worst_comb
D:2:      minmay_angry_zag, layout_rooms
D:3:      layout_rooms, hellmonk_ecumenical_altar_slurped_away
D:4:      layout_basic, serial_bayou_pond_c

Skill      XL: |  1  2  3  4  5  6  7 |
---------------+----------------------+-----
Spellcasting   | 4 5 6 7 |  7.0
Conjurations   | 4 5 6 7 |  7.0
Hexes          | 4 5 6 7 |  7.0
Summonings     | 4 5 6 7 |  7.0
Necromancy     | 4 5 6 7 |  7.0
Translocations | 4 5 6 7 |  7.0
Fire Magic     | 4 5 6 7 |  7.0
Ice Magic      | 4 5 6 7 |  7.0
Air Magic      | 4 5 6 7 |  7.0
Earth Magic    | 4 5 6 7 |  7.0
Alchemy        | 4 5 6 7 |  7.0
Dodging        | |  2.1
Stealth        | |  1.5

Action                     |  1- 3 |  4- 6 |  7- 9 || total
---------------------------+-------+-------+-------++-------
   Cast: Magic Dart        |    92 |   151 |    33 ||   276
         Iskenderun's Myst |       |     5 |     4 ||     9
         Searing Ray       |       |     2 |     2 ||     4
         Fulminant Prism   |       |       |     1 ||     1
 Armour: Robe              |    11 |    20 |     9 ||    40
  Dodge: Dodged            |    11 |     9 |     2 ||    22

Table legend: (Time is in decaauts)
 A = Elapsed time spent in this place.
 B = Non-inter-level travel time spent in this place.
 C = Inter-level travel time spent in this place.
 D = Time resting spent in this place.
 E = Time spent auto-exploring this place.
 F = Levels seen in this place.
 G = Mean time per level.
                   A        B        C        D        E       F      G
               +--------+--------+--------+--------+--------+-----+--------+
         Total |   3534 |   3415 |    119 |      0 |   2958 |   4 |  883.5 |
       Dungeon |   3534 |   3415 |    119 |      0 |   2958 |   4 |  883.5 |
               +--------+--------+--------+--------+--------+-----+--------+

Top non-repeatable levels by time:
     D:3: 953 daAuts
     D:2: 928 daAuts
     D:1: 887 daAuts
     D:4: 765 daAuts
